 Dungeon Crawl Stone Soup version 0.21.1-1-g345015f (webtiles) character file.

294 inc the Ducker (level 6, -1/28 HPs)
             Began as a Felid Chaos Knight on Feb 23, 2018.
             Slain by an ogre
             ... wielding a +0 giant spiked club
              (22 damage)
             ... on level 5 of the Dungeon.
             The game lasted 00:08:15 (3870 turns).

inc the Ducker (Felid Chaos Knight)                 Turns: 3870, Time: 00:08:15

Health: -1/28      AC:  2    Str:  8    XL:     6   Next: 11%
Magic:  7/7        EV: 21    Int: 15    God:    Xom [*.....]
Gold:   93         SH:  0    Dex: 16    Spells: 3/5 levels left
                                        Lives:  0   Deaths: 1

rFire    . . .     SeeInvis +     - Unarmed
rCold    . . .     Gourm    .   (shield unavailable)
rNeg     . . .     Faith    .   (armour unavailable)
rPois    .         Spirit   .   (helmet unavailable)
rElec    .         Reflect  .   (cloak unavailable)
rCorr    .         Harm     .   (gloves unavailable)
MR       .....                  (boots unavailable)
Stlth    ++........             (no amulet)
HPRegen  0.09/turn              (no ring)
MPRegen  0.10/turn              (no ring)

@: quick
A: very small, no armour, no weapons or thrown items, stealth, claws 1, fangs 3,
see invisible, carnivore, speed 1, shaggy fur 2, slow metabolism 1, sharp paws
a: Renounce Religion


You were on level 5 of the Dungeon.
You worshipped Xom.
You were a special plaything of Xom.
You were not hungry.

You visited 1 branch of the dungeon, and saw 5 of its levels.

You collected 93 gold pieces.

Inventory:

Jewellery
 d - an uncursed ring of see invisible {unknown}
 p - a cursed -4 ring of evasion {unknown}
Scrolls
 b - 3 scrolls of amnesia {unknown}
 e - a scroll of identify {unknown}
 i - 2 scrolls of enchant armour {unknown}
 j - a scroll of fog {unknown}
 l - 2 scrolls of blinking {unknown}
 m - 2 scrolls of teleportation {unknown}
 o - a scroll of enchant weapon {unknown}
 q - a scroll of random uselessness {unknown}
 r - a scroll of remove curse {unknown}
 s - a scroll of magic mapping {unknown}
Potions
 c - 2 potions of degeneration {unknown}
 f - 3 potions of curing
 g - a potion of ambrosia {unknown}
 k - a potion of invisibility {unknown}
 n - a potion of agility {unknown}
 t - a potion of flight
 u - a potion of lignification {unknown}
Books
 h - a book of Minor Magic

   Spells                             Type                      Level
   a - Magic Dart                     Conjuration                  1
   b - Blink                          Translocation                2
   c - Call Imp                       Summoning                    2
   d - Slow                           Hexes                        2
   e - Conjure Flame                  Conjuration/Fire             3
   f - Mephitic Cloud                 Conjuration/Poison/Air       3
Comestibles
 a - 8 rations


   Skills:
 - Level 3.0 Fighting
 - Level 6.1 Dodging
 - Level 0.2 Stealth
 - Level 3.0 Unarmed Combat
 + Level 5.9 Summonings


You had 3 spell levels left.
You knew the following spells:

 Your Spells              Type           Power        Failure   Level  Hunger
a - Call Imp              Summ           ###.....     3%          2    ###....


Dungeon Overview and Level Annotations

Branches:
Dungeon (5/15)
 Temple: D:4-7

Altars:
Dithmenos
Gozag
Nemelex Xobeh
Trog
The Shining One

Annotations:
D:3 Terandir's ghost, amateur MiFi


Innate Abilities, Weirdness & Mutations

You cannot wear armour.
You are incapable of wielding weapons or throwing items.
Your paws allow you to move quietly. (Stealth)
You have sharp claws.
You have razor-sharp teeth.
You have supernaturally acute eyesight. (SInv)
You are carnivorous and can eat meat at any time.
You cover ground quickly.
You are covered in thick fur. (AC +2)
You have a slow metabolism.
Your sharp claws are effective at attacking unaware monsters.


Message History

You see here a quokka skeleton.
An ogre comes into view. It is wielding a giant spiked club.
An ogre is nearby!
The ogre shouts!
The ogre misses you.
You barely miss the ogre. Your bite misses the ogre.
You scratch the ogre but do no damage. You bite the ogre.
The ogre is lightly wounded.
The ogre closely misses you.
You scratch the ogre.
The ogre is lightly wounded.
The ogre hits you with a giant spiked club!
You scratch the ogre.
The ogre is moderately wounded.
You barely miss the ogre.
The ogre is moderately wounded.
The ogre hits you with a giant spiked club!!
Ouch! That really hurt!
You die...
Xom laughs nastily!

###### ..# .....# ..# #....# ...#
#....# ....#
################....# ###+#....#
.................O..# #.(......#
................@...+ #........#
....................#..+........+
....................#..#........#
....###########.....#.)#....#####
....#.........#.....#..#....#..##
....#.........#.....#..#....#..##
....#.........#.....#..#....#....
....#.........#.....#..#....#....
....#.........'.....'..'....'....


You could see an ogre.

Vanquished Creatures
  2 ogres
  A scorpion (D:5)
  A howler monkey (D:4)
  An orc priest (D:4)
  A hound (D:4)
  An orc wizard (D:4)
  A worker ant (D:5)
  2 adders
  An adder zombie (D:4)
  An adder skeleton (D:4)
  A worm (D:2)
  2 dart slugs (D:2)
  5 leopard geckos
  4 orcs
  2 giant cockroaches
  9 goblins
  5 hobgoblins
  9 kobolds
  2 quokkas
  A ball python (D:2)
  7 bats
  5 frilled lizards
  8 rats
72 creatures vanquished.

Vanquished Creatures (collateral kills)
  A howler monkey (D:4)
  A hound (D:4)
  An orc priest (D:4)
  3 orcs
  A frilled lizard (D:4)
7 creatures vanquished.

Grand Total: 79 creatures vanquished

Notes
Turn   | Place    | Note
-------+----------+-------------------------------------------
     0 | D:1      | inc the Felid Chaos Knight began the quest for the Orb.
     0 | D:1      | Reached XP level 1. HP: 10/10 MP: 2/2
   134 | D:1      | Reached skill level 4 in Dodging
   134 | D:1      | Reached XP level 2. HP: 10/14 MP: 3/3
   395 | D:1      | XOM: harmless Erth miscast
   750 | D:2      | Reached skill level 5 in Dodging
   759 | D:2      | XOM: potion effect (might)
   768 | D:2      | Reached XP level 3. HP: 10/17 MP: 4/4
   791 | D:2      | XOM: harmless Air miscast
  1016 | D:2      | Found a sparkling altar of Nemelex Xobeh.
  1294 | D:2      | XOM: divination: magic mapping
  1372 | D:3      | Noticed Terandir's ghost (amateur MiFi)
  1413 | D:3      | XOM: harmless Hex miscast
  1464 | D:3      | Reached skill level 6 in Dodging
  1464 | D:3      | Reached XP level 4. HP: 17/21 MP: 5/5
  1484 | D:3      | Learned a level 2 spell: Call Imp
  1661 | D:3      | XOM: potion effect (haste)
  1666 | D:3      | XOM: potion effect (haste)
  1668 | D:3      | XOM: harmless Hex miscast
  1753 | D:4      | Reached skill level 1 in Summonings
  1769 | D:4      | Found a shadowy altar of Dithmenos.
  1812 | D:4      | Found an opulent altar of Gozag.
  1830 | D:4      | XOM: potion effect (agility)
  1844 | D:4      | Reached XP level 5. HP: 24/24 MP: 1/6
  1951 | D:4      | Noticed an ogre
  1961 | D:4      | Killed an ogre
  2035 | D:4      | XOM: harmless Ice miscast
  2227 | D:4      | XOM: harmless Chrm miscast
  2407 | D:4      | XOM: harmless Conj miscast
  2424 | D:4      | Gained mutation: You are covered in thick fur. (AC +2) [Felid growth]
  2424 | D:4      | Reached XP level 6. HP: 28/28 MP: 2/7
  2813 | D:4      | XOM: harmless Summ miscast
  2819 | D:4      | XOM: mild Conj miscast
  3113 | D:4      | XOM: mild Conj miscast
  3197 | D:5      | Entered Level 5 of the Dungeon
  3201 | D:5      | XOM: smoke on damage
  3205 | D:5      | Reached skill level 5 in Summonings
  3214 | D:5      | Slain by an orc wizard
  3215 | D:5      | Reached XP level 5. HP: -1/24 MP: 0/6
  3256 | D:5      | Noticed a moth of wrath
  3259 | D:5      | Found a bloodstained altar of Trog.
  3265 | D:5      | XOM: 9-stop teleportation journey
  3331 | D:5      | Found a glowing golden altar of the Shining One.
  3444 | D:5      | Reached XP level 6. HP: 21/28 MP: 7/7
  3637 | D:5      | XOM: give mutation
  3870 | D:5      | Slain by an ogre

Skill      XL: |  1  2  3  4  5  6 |
---------------+-------------------+-----
Dodging        | 4 5 6 |  6.1
Summonings     | 2 4 5 |  5.9
Fighting       | |  3.0
Stealth        | |  0.2
Unarmed Combat | |  3.0

Action                   |  1- 3 |  4- 6 || total
-------------------------+-------+-------++-------
Melee: Unarmed           |   148 |   153 ||   301
       Bite              |     8 |     8 ||    16
       Punch             |     1 |       ||     1
 Cast: Call Imp          |       |    12 ||    12
  Use: Potion            |     3 |       ||     3
 Stab: Sleeping          |     5 |     2 ||     7
  Eat: Chunk             |     3 |     2 ||     5
Armor: Skin              |    10 |     9 ||    19
Dodge: Dodged            |   130 |   165 ||   295
